cohdb
Replays
Latest Replays
All Replays
Popular Replays
Top Player Replays
Match Explorer
How It Works
Community
CoH3 Stats
Reddit
Sign in to upload your games and track your stats! →
Sign in with Steam
Match 43835128
Unlisted
Match 43835128
Overview
Messages
Build Orders
End
Selects Advanced Infantry Battlegroup
Scout Squad
Scout Squad
Scout Squad
Construct Barracks
Riflemen Squad
Riflemen Squad
Infantry Support Center
Construct Medical Station
Selects Artillery Observers
Construct Motor Pool
M8 Greyhound Armored Car
M1 Anti-tank Gun Team
Grenade Package
Engineer Squad
Selects M2A1 105mm Howitzer Emplacement
Selects Free Fire Drills
Advanced Logistics
Barbarossa
xiao
0
0
Comments
sign in to comment!
No comments posted yet!